 Dungeon Crawl Stone Soup version 0.24-a0-434-gd57e52fea8 (webtiles) character file.

Game seed: 1178579672957255050

99 theanonym the Slasher (level 4, -1/33 HPs)
             Began as a Mummy Warper on June 15, 2019.
             Was a Follower of Uskayaw.
             Slain by a sky beast (6 damage)
             ... on level 3 of the Dungeon.
             The game lasted 00:02:20 (2143 turns).

theanonym the Slasher (Mummy Warper)                Turns: 2143, Time: 00:02:21

Health: -1/33      AC:  9    Str: 15    XL:     4   Next: 45%
Magic:  6/8        EV:  6    Int: 12    God:    Uskayaw [*.....]
Gold:   142        SH:  0    Dex: 11    Spells: 8/8 levels left

rFire    . . .     SeeInvis .   a - +0 falchion
rCold    + . .     Gourm    .   (no shield)
rNeg     + + +     Faith    .   c - +1 chain mail {rF+}
rPois    ∞         Spirit   .   (no helmet)
rElec    .         Reflect  .   (no cloak)
rCorr    .         Harm     .   (no gloves)
MR       .....                  (no boots)
Stlth    ..........             (no amulet)
HPRegen  0.11/turn              (no ring)
MPRegen  0.11/turn              (no ring)

@: no status effects
A: no food or potions, fire vulnerability, cold resistance 1, negative energy
resistance 3, torment resistance, unbreathing
a: Stomp, Renounce Religion


Innate Abilities, Weirdness & Mutations

You do not eat or drink.
Your flesh is vulnerable to fire.
You are immune to poison.
Your flesh is cold resistant. (rC+)
You are immune to negative energy. (rN+++)
You are immune to unholy pain and torment.
You can survive without breathing.


   Skills:
 - Level 2.0 Fighting
 + Level 3.9 Long Blades
 - Level 0.7 Throwing
 - Level 0.7 Armour
 - Level 1.5 Dodging
 - Level 2.6 Spellcasting
   Level 2.4 Translocations


You had 8 spell levels left.
You didn't know any spells.
Your spell library contained the following spells:

 Spells                   Type           Power        Failure   Level  Hunger
 Blink                    Tloc           N/A          98%         2    N/A
 Corona                   Hex            #......      99%         1    N/A
 Shroud of Golubria       Chrm/Tloc      #.....       99%         2    N/A
 Ensorcelled Hibernation  Hex/Ice        #.....       100%        2    N/A
 Confuse                  Hex            #.......     100%        3    N/A
 Dazzling Spray           Conj/Hex       #.....       100%        3    N/A
 Gell's Gravitas          Tloc           #.........   100%        3    N/A
 Lesser Beckoning         Tloc           #.........   100%        3    N/A
 Teleport Other           Tloc           #.......     100%        3    N/A
 Tukima's Dance           Hex            #.......     100%        3    N/A
 Passage of Golubria      Tloc           N/A          100%        4    N/A

Skill      XL: |  1  2  3 |
---------------+----------+-----
Long Blades    | 2 3 |  3.9
Fighting       | |  2.0
Throwing       | |  0.7
Armour         | |  0.7
Dodging        | |  1.5
Spellcasting   | |  2.6
Translocations | |  2.4

Action                   |  1- 3 |  4- 6 || total
-------------------------+-------+-------++-------
Melee: Falchion          |   182 |    47 ||   229
Invok: Stomp             |       |     3 ||     3
Armor: Chain mail        |   133 |    46 ||   179
Dodge: Dodged            |    59 |    13 ||    72
       Rpst.: Falchion   |    19 |     4 ||    23

Inventory:

Hand Weapons
 a - a +0 falchion (weapon)
Missiles
 e - 5 boomerangs of dispersal (quivered)
 h - 4 boomerangs
Armour
 b - a +0 leather armour
 c - a +1 chain mail of fire resistance (worn)
Scrolls
 d - 2 scrolls of magic mapping {unknown}
 f - 3 scrolls of amnesia {unknown}
 g - 2 scrolls of identify {unknown}
 B - a scroll of blinking


You were on level 3 of the Dungeon.
You worshipped Uskayaw.
Uskayaw was noncommittal.
You were not hungry.

You visited 1 branch of the dungeon, and saw 3 of its levels.

You collected 142 gold pieces.

Dungeon Overview and Level Annotations

Branches:
Dungeon (3/15)

Altars:
Ashenzari
Hepliaklqana
Kikubaaqudgha
Sif Muna
Uskayaw
Yredelemnul
The Shining One

#.# #.# #.#
#.#######
#######.#.%....
#.............#
#.####.......##
.....#..#.#.#.#
#......# #
###.@### #.Y#
............#
.####..?..###
#.....# #.....#
#.....# #.....#
#######


You could see a sky beast.

Notes
Turn   | Place    | Note
-------+----------+-------------------------------------------
     0 | D:1      | theanonym the Mummy Warper began the quest for the Orb.
     0 | D:1      | Reached XP level 1. HP: 16/16 MP: 4/4
    64 | D:1      | Reached skill level 2 in Long Blades
   100 | D:1      | Reached XP level 2. HP: 22/22 MP: 5/5
   619 | D:1      | HP: 11/22 [leopard gecko (2)]
   644 | D:1      | HP: 9/22 [hobgoblin/+0 club (2)]
   650 | D:1      | Reached XP level 3. HP: 12/27 MP: 7/7
   884 | D:1      | Reached skill level 3 in Long Blades
  1056 | D:2      | Found a hide-covered altar of Uskayaw.
  1166 | D:2      | Became a worshipper of Uskayaw the Reveler
  1235 | D:2      | Found a basalt altar of Yredelemnul.
  1311 | D:2      | Reached * piety under Uskayaw
  1325 | D:2      | Found a hazy altar of Hepliaklqana.
  1532 | D:2      | Found a glowing golden altar of the Shining One.
  1613 | D:2      | Found a shattered altar of Ashenzari.
  1621 | D:2      | Reached ** piety under Uskayaw
  1741 | D:2      | Found an ancient bone altar of Kikubaaqudgha.
  1928 | D:3      | Reached XP level 4. HP: 26/33 MP: 8/8
  1975 | D:3      | Found a deep blue altar of Sif Muna.
  2121 | D:3      | Noticed a sky beast
  2139 | D:3      | HP: 14/33 [sky beast (5)]
  2143 | D:3      | HP: 5/33 [sky beast (3)]
  2143 | D:3      | Slain by a sky beast

Vanquished Creatures
  4 adders
  2 worms (D:2)
  4 dart slugs
  2 leopard geckos (D:1)
  4 orcs (D:3)
  A ball python (D:1)
  8 bats
  2 giant cockroaches
  3 goblins
  4 hobgoblins
  4 kobolds
  3 frilled lizards
  3 rats
44 creatures vanquished.

Table legend:
 A = Turns spent in this place as a percentage of turns spent in the entire game.
 B = Non-inter-level travel turns spent in this place as a percentage of non-inter-level travel turns spent in the entire game.
 C = Inter-level travel turns spent in this place as a percentage of turns spent in this place.
 D = Turns resting spent in this place as a percentage of non-inter-level travel turns spent in this place.
 E = Turns spent auto-exploring this place as a percentage of non-inter-level travel turns spent in this place.
 F = Non-inter-level travel turns spent in this place divided by the number of levels of this place that you've seen.
                   A       B       C       D       E      F
               +-------+-------+-------+-------+-------+----------------------
         Total | 100.0 | 100.0 |   3.3 |  18.3 |  63.4 | 690.7
       Dungeon | 100.0 | 100.0 |   3.3 |  18.3 |  63.4 | 690.7
               +-------+-------+-------+-------+-------+----------------------
